 Dungeon Crawl Stone Soup version 0.30-a0-726-gd89dcf765f (webtiles) character file.

Game seed: 10465692749339394719

457 hbarley the Chopper (level 6, -1/48 HPs)
             Began as a Demonspawn Fighter on Jan 29, 2023.
             Was an Initiate of Gozag.
             Slain by an ogre
             ... wielding a +0 giant club
              (19 damage)
             ... on level 4 of the Dungeon.
             The game lasted 00:08:25 (3141 turns).

hbarley the Chopper (Demonspawn Fighter)            Turns: 3141, Time: 00:08:26

Health: -1/48      AC:  9    Str: 18    XL:     6   Next: 77%
Magic:  6/6        EV:  7    Int: 10    God:    Gozag
Gold:   153        SH:  4    Dex: 12    Spells: 5/5 levels left

rFire   . . .      SeeInvis .    a - +0 war axe
rCold   . . .      Faith    .    c - +0 buckler
rNeg    . . .      Spirit   .    j - +0 chain mail
rPois   .          Reflect  .    (no helmet)
rElec   .          Harm     .    (no cloak)
rCorr   +          Rampage  .    (no gloves)
Will    .....                    (no boots) Stlth
                                 (no amulet)
HPRegen 0.28/turn                h - ring of wizardry
MPRegen 0.10/turn                p - ring of resist corrosion

@: gold aura
A: hooves 1, demonic guardian 1, powered by pain 1
a: Renounce Religion, Potion Petition, Call Merchant, Bribe Branch


You were on level 4 of the Dungeon.
You worshipped Gozag.
Gozag was aware of your devotion.
You visited 2 branches of the dungeon, and saw 5 of its levels.

You collected 198 gold pieces.
You paid 45 gold pieces to Gozag.

Inventory:

Hand Weapons
 a - a +0 war axe (weapon)
 n - a +0 trident of venom
Missiles
 o - 2 throwing nets (quivered)
Armour
 b - a +0 scale mail
 c - a +0 buckler (worn)
 i - a +0 scale mail
 j - a +0 chain mail (worn)
Jewellery
 h - a ring of wizardry (left hand)
 p - a ring of resist corrosion (right hand)
Scrolls
 e - 3 scrolls of poison {unknown}
 f - 2 scrolls of teleportation {unknown}
 k - a scroll of enchant armour {unknown}
 m - 2 scrolls of identify {unknown}
 r - a scroll of enchant weapon {unknown}
 s - a scroll of vulnerability {unknown}
 u - a scroll of acquirement {unknown}
Potions
 g - 2 potions of haste {unknown}
 l - a potion of berserk rage {unknown}
 q - a potion of flight {unknown}
 t - a potion of magic {unknown}


   Skills:
 + Level 3.7 Fighting
 + Level 4.8 Axes
 + Level 3.9 Armour
 + Level 0.9 Dodging
 + Level 0.2 Stealth
 + Level 3.6 Shields


You had 5 spell levels left.
You didn't know any spells.
Your spell library contained the following spells:

 Spells                   Type           Power      Damage    Failure   Level
 Cigotuvi's Dreadful Rot  Necr/Pois/Air  0%         N/A       97%         2
 Poisonous Vapours        Pois/Air       0%         N/A       97%         2
 Scorch                   Fire           0%         2d5       97%         2
 Ignite Poison            Fire/Tmut/Pois 0%         N/A       99%         3
 Inner Flame              Hex/Fire       0%         N/A       99%         3
 Kindle Blastsparks       Fire/Tloc/Air  0%         2d10      99%         3
 Mephitic Cloud           Conj/Pois/Air  0%         N/A       99%         3
 Ozocubu's Armour         Ice            0%         N/A       99%         3
 Portal Projectile        Hex/Tloc       0%         N/A       99%         3
 Tukima's Dance           Hex            0%         N/A       99%         3
 Flame Wave               Conj/Fire      0%         2d4       100%        4
 Sticky Flame             Conj/Fire      0%         2d3       100%        4
 Blade Hands              Tmut           0%         N/A       100%        5
 Freezing Cloud           Conj/Ice/Air   0%         6-21      100%        5
 Summon Cactus Giant      Summ           0%         N/A       100%        6
 Ozocubu's Refrigeration  Ice            0%         4d7       100%        7


Dungeon Overview and Level Annotations

Branches:
Dungeon (4/15)             Temple (1/1) D:4

Altars:
Ashenzari
Cheibriados
Fedhas
Gozag
Hepliaklqana
Makhleb
Qazlal
Ru
Sif Muna
Trog
Uskayaw
Xom

Shops:
D:2 [


Innate Abilities, Weirdness & Mutations

You have large cloven feet.
A weak demonic guardian rushes to your aid.
You sometimes gain a little power by taking damage.


Message History

A gnoll comes into view. It is wielding a +0 spear.
Found a rapier.
The quokka twitches its whiskers.
Found a scroll labelled EKUTUSKAEG.
Found a short sword.
You barely miss the quokka. You kick the quokka, but do no damage.
The quokka barely misses you.
You slash the quokka!
You kill the quokka!
You hit the ice beast.
The ice beast is lightly wounded.
The ice beast hits you but does no damage.
You hit the ice beast. You kick the ice beast.
The ice beast is lightly wounded.
The ice beast barely misses you.
You barely miss the ice beast. You kick the ice beast.
The ice beast is moderately wounded.
You hit the ogre.
The ice beast hits you but does no damage.
The ogre hits you with a +0 giant club!
The ice beast hits you but does no damage.
You hit the ice beast but do no damage.
You kick the ice beast, but do no damage.
The ice beast is moderately wounded.
You slash the ogre!
The ogre is distracted by your dazzling golden aura.
The ice beast hits you but does no damage.
The ogre shouts!
You hit the ice beast. Your kick misses the ice beast.
The ice beast is moderately wounded.
You hit the ogre.
The ogre is no longer distracted by gold.
The ogre hits you with a +0 giant club!
A demonic guardian appears!
The ice beast hits you. The ice beast freezes you!
You closely miss the ice beast.
The ice beast is moderately wounded.
You barely miss the ogre. The ice beast closely misses you.
The ogre hits you with a +0 giant club!!
You die...
Your body crumbles into a pile of gold.

................+................
................#...........##...
..#...##..........##.............
###.......).......##....#........
..................##....#........
..................##....#........
..................##....########.
......................... #....
................@5.......# ##....
................YO...... #.....
.....................).. #.....
######.................. #.....
......##.......####.....####.....
......##......^......... ........
......##................ .......
......##................ .......
########............... .......


You could see an ice beast (ally target), an ogre and a friendly ufetubus
(summoned).

Vanquished Creatures
  2 black bears (D:4)
  A hound (D:4)
  2 iguanas (D:4)
  An orc wizard (D:4)
  Terence (D:2)
  4 adders
  A white imp (D:4)
  An ufetubus (D:4)
  3 dart slugs
  4 orcs
  7 endoplasms
  5 giant cockroaches
  5 goblins
  8 hobgoblins
  5 jackals
  2 quokkas
  3 ball pythons
  6 bats
  3 frilled lizards
  8 kobolds
  8 rats
80 creatures vanquished.

Vanquished Creatures (collateral kills)
  An adder (D:3)
  2 orcs (D:4)
  A ball python (D:1)
  A jackal (D:1)
  A kobold (D:4)
  A quokka (D:1)
  A frilled lizard (D:1)
8 creatures vanquished.

Grand Total: 88 creatures vanquished

Notes
Turn   | Place    | Note
-------+----------+-------------------------------------------
     0 | D:1      | hbarley the Demonspawn Fighter began the quest for the Orb.
     0 | D:1      | Reached XP level 1. HP: 18/18 MP: 1/1
   127 | D:1      | Gained mutation: A weak demonic guardian rushes to your
                  | aid. [demonic ancestry]
   127 | D:1      | Reached XP level 2. HP: 20/24 MP: 2/2
   168 | D:1      | Reached skill level 2 in Axes
   464 | D:1      | Gained mutation: You have large cloven feet. [demonic
                  | ancestry]
   464 | D:1      | Reached XP level 3. HP: 26/29 MP: 3/3
  1028 | D:2      | Noticed Terence
  1033 | D:2      | Killed Terence
  1034 | D:2      | Reached skill level 3 in Axes
  1034 | D:2      | Reached XP level 4. HP: 15/35 MP: 4/4
  1266 | D:2      | Found a faded altar of an unknown god.
  1351 | D:2      | Found Muskoq's Antique Armour Boutique.
  2144 | D:3      | Found a blossoming altar of Fedhas.
  2200 | D:3      | Gained mutation: You sometimes gain a little power by
                  | taking damage. [demonic ancestry]
  2200 | D:3      | Reached XP level 5. HP: 41/41 MP: 5/5
  2569 | D:4      | Reached skill level 4 in Axes
  2613 | D:4      | Found a staircase to the Ecumenical Temple.
  2613 | D:4      | Noticed a black bear
  2621 | D:4      | Killed a black bear
  2622 | D:4      | Reached XP level 6. HP: 22/47 MP: 6/6
  2692 | Temple   | Entered the Ecumenical Temple
  2815 | Temple   | Became a worshipper of Gozag Ym Sagoz the Greedy
  3113 | D:4      | Noticed an ice beast
  3141 | D:4      | Slain by an ogre

Illustrated notes

Levels and vault maps discovered:
D:1:      sevenhm_arrival_forest_fort_large_2, layout_basic
D:2:      layout_loops_ring, serial_shops, nicolae_shop_behind_doors,
          shapermc_ecumenical_altar_acropolis, kennysheep_generic_room_16,
          uniq_terence
D:3:      wander_river, layout_basic, lemuel_round_altar, minivault_19
D:4:      layout_basic, minmay_temple_entry_drinking_statues, minmay_bent
Temple:   hellmonk_temple_flake

Skill      XL: |  1  2  3  4  5 |
---------------+----------------+-----
Shields        | 3 |  3.6
Axes           | 2 3 4 |  4.8
Armour         | 3 |  3.9
Fighting       | |  3.7
Dodging        | |  0.9
Stealth        | |  0.2

Action                     |  1- 3 |  4- 6 || total
---------------------------+-------+-------++-------
  Melee: War axe           |    76 |   121 ||   197
         Kick              |     7 |    24 ||    31
    Use: Potion            |       |     1 ||     1
   Stab: Distracted        |       |     1 ||     1
 Armour: Scale mail        |    25 |       ||    25
         Chain mail        |    43 |    75 ||   118
  Dodge: Dodged            |    41 |    49 ||    90
  Block: Buckler           |    24 |    32 ||    56

Table legend: (Time is in decaauts)
 A = Elapsed time spent in this place.
 B = Non-inter-level travel time spent in this place.
 C = Inter-level travel time spent in this place.
 D = Time resting spent in this place.
 E = Time spent auto-exploring this place.
 F = Levels seen in this place.
 G = Mean time per level.
                   A        B        C        D        E       F      G
               +--------+--------+--------+--------+--------+-----+--------+
         Total |   3245 |   2930 |    315 |    263 |   2055 |   5 |  649.0 |
       Dungeon |   3108 |   2804 |    304 |    263 |   1943 |   4 |  777.0 |
        Temple |    136 |    125 |     11 |      0 |    112 |   1 |  136.0 |
               +--------+--------+--------+--------+--------+-----+--------+

Top non-repeatable levels by time:
     D:2: 946 daAuts
     D:1: 859 daAuts
     D:3: 684 daAuts
     D:4: 618 daAuts
  Temple: 136 daAuts
